Unix NetHack Version 5.0.0-0 post-release - last build May 31 2026 23:59:36 (970b52f25bf058293b47ddfd14a1e40e571c508c,branch:main).

Game began 2026-06-07 12:15:10, ended 2026-06-07 12:30:03.

Jobair, lawful female dwarven Archeologist

                     -----                             ----.-----
      -----------    |...|                             .........|
      |.........|   #.....#                           |.>.......|
      |.........-## #|...|#                         ##-........$|
      |......<..| ###+...|#                         # -- --------
      |.........|   #-----#                      ####
      |...(.....|         #                    ###
      --|------|-         #                    #
        #      #          #                    #
        #      #          ##                   #
        ###   ##           #                 ###
          #   #            #                 #
         -|- -.-           #   ----------- #d#
         ... . .           #   |.........| @
          ..               ### |..........##
                             # |.........|
                             ##-.....^...|
                               -----------

Jobair the Field Worker    St:9 Dx:13 Co:12 In:16 Wi:14 Ch:12  Lawful
Dlvl:4  $:122 HP:0(36) Pw:15(15) AC:8  Xp:4 T:1883 

Latest messages:
 You see here 7 gold pieces.
 $ - 7 gold pieces (122 in total).
 You swap places with Godzilla.
 You find a hidden door.
 This door is locked.
 Unlock it with your key? [ynq] (q) y
 You succeed in unlocking the door.
 The door opens.
 The little dog bites!
 You miss the little dog.
 The little dog bites!
 You miss the little dog.
 The little dog bites!
 The little dog bites!
 What do you want to throw?
 Never mind.
 The little dog bites!
 You swap places with Godzilla.
 Godzilla misses the little dog.
 Godzilla misses the little dog.
 Godzilla misses the little dog.
 Godzilla misses the little dog.
 Godzilla misses the little dog.
 Godzilla misses the little dog.
 Godzilla misses the little dog.
 Godzilla misses the little dog.
 You hear the footsteps of a guard on patrol.
 Godzilla misses the little dog.
 Godzilla bites the little dog.
 The little dog bites Godzilla.
 The little dog bites!
 You miss the little dog.
 The little dog bites!
 You miss the little dog.
 The little dog bites!
 You miss the little dog.
 The little dog bites!
 The little dog bites!
 The little dog bites!
 The little dog just misses!
 The little dog just misses!
 The little dog bites!
 The little dog bites!
 The little dog bites!
 You die...
 Do you want your possessions identified? [ynq] (y) y
 Do you want to see your attributes? [ynq] (y) y
 Do you want an account of creatures vanquished? [ynaq] (y) y
 Do you want to see your conduct and achievements? [ynq] (y) y
 Do you want to see the dungeon overview? [ynq] (y) y

Inventory:
 Coins    ('$')
  $ - 122 gold pieces
 Weapons  (')')
  H - a +0 orcish dagger
  a - a +2 bullwhip (weapon in right hand)
 Armor    ('[')
  o - an uncursed +0 orcish helm
  I - an uncursed +0 orcish helm (being worn)
  h - an uncursed +0 leather jacket (being worn)
 Comestibles  ('%')
  d - 5 uncursed food rations
 Scrolls  ('?')
  N - an uncursed scroll of scare monster
 Potions  ('!')
  G - 2 blessed potions of healing
 Wands    ('/')
  k - a wand of digging (0:4)
  l - a wand of digging (0:4)
  K - a wand of stasis (0:3)
 Tools    ('(')
  b - an uncursed sack containing 1 item
  J - an empty uncursed sack
  i - an uncursed oil lamp
  v - an uncursed skeleton key
  f - a tinning kit (0:66)
 Gems/Stones  ('*')
  g - an uncursed touchstone

Contents of the sack:
  a +0 pick-axe

Jobair the Archeologist's attributes:

Background:
 You were a Field Worker, a level 4 female dwarven Archeologist.
 You were lawful, nominally on a mission for Quetzalcoatl
 who was opposed by Camaxtli (neutral) and Huhetotl (chaotic).
 You were right-handed.
 You were in the Dungeons of Doom, on level 4.
 You entered the dungeon 1883 turns ago.
 You had 82 experience points, 78 more were needed to attain level 5.

Basics:
 You had 0 out of 36 hit points.
 You had all 15 energy points (spell power).
 Your armor class was 8.
 Your wallet contained 122 zorkmids.
 Autopickup was off.

Final Characteristics:
 Your strength was 9 (limit:18/100).
 Your dexterity was 13 (limit:20).
 Your constitution was 12 (limit:20).
 Your intelligence was 16 (limit:16).
 Your wisdom was 14 (limit:16).
 Your charisma was 12 (limit:16).

Final Status:
 You weren't hungry.
 You were unencumbered.
 You were wielding a whip.
 You had basic skill with whip.

Final Attributes:
 You were devoutly aligned.
 You had automatic searching.
 You had infravision.
 You are dead.

Miscellaneous:
 You didn't encounter any bones levels.
 Total elapsed playing time was 14 minutes and 52 seconds.

Major events:
 Turn
    1: Jobair the lawful female dwarven Archeologist entered the dungeon
  769: attained the rank of Field Worker (level 3)
 1883: killed by a little dog

You didn't know any spells.

Skills:
 Fighting Skills
   bare handed combat [Unskilled]
   two weapon combat  [Unskilled]
   riding             [Unskilled]
 Weapon Skills
   dagger             [Unskilled]
   knife              [Unskilled]
   pick-axe           [Basic]
   short sword        [Unskilled]
   saber              [Unskilled]
   club               [Unskilled]
   quarterstaff       [Unskilled]
   sling              [Unskilled]
   dart               [Unskilled]
   boomerang          [Unskilled]
   whip               [Basic]
   unicorn horn       [Unskilled]
 Spellcasting Skills
   attack spells      [Unskilled]
   healing spells     [Unskilled]
   divination spells  [Unskilled]
   matter spells      [Unskilled]

Voluntary challenges:
 Character rerolling was not enabled.
 You were an atheist.
 You never genocided any monsters.
 You never polymorphed an object.
 You never changed form.
 You used no wishes.
Achievements:
 You entered a shop.
 You attained the rank of Field Worker.

 The Dungeons of Doom: levels 1 to 4
    Level 1:
       A fountain.
    Level 2:
       A general store.
    Level 3:
       A bookstore.
    Level 4: <- You were here.
       Final resting place for
          you, killed by a little dog.


Vanquished creatures:
  a kobold leader
  2 dwarf zombies
  2 large kobolds
  a yellow mold
 10 jackals
  2 foxes
  a kobold
  4 goblins
  3 grid bugs
  2 lichens
  a kobold zombie
  2 newts
31 creatures vanquished.

No species were genocided or became extinct.

Game over:
                       ----------
                      /          \
                     /    REST    \
                    /      IN      \
                   /     PEACE      \
                  /                  \
                  |      Jobair      |
                  |      122 Au      |
                  |   killed by a    |
                  |    little dog    |
                  |                  |
                  |                  |
                  |       2026       |
                 *|     *  *  *      | *
        _________)/\\_//(\/(/\)/\//\/|_)_______

Goodbye Jobair the Archeologist...

You died in The Dungeons of Doom on dungeon level 4 with 598 points,
and 122 pieces of gold, after 1883 moves.
You were level 4 with a maximum of 36 hit points when you died.

